 Dungeon Crawl Stone Soup version 0.30.1 (webtiles) character file.

Game seed: 2829672804415486987

508 LustLizard the Sneak (level 7, -2/43 HPs)
             Began as a Kobold Brigand on July 8, 2023.
             Was an Initiate of Wu Jian.
             Slain by a gnoll bouda
             ... wielding a +0 whip
              (13 damage)
             ... on level 4 of the Dungeon.
             The game lasted 00:07:25 (4523 turns).

LustLizard the Sneak (Kobold Brigand)               Turns: 4523, Time: 00:07:25

Health: -2/43      AC:  4    Str:  9    XL:     7   Next: 42%
Magic:  7/7        EV: 13    Int: 12    God:    Wu Jian [......]
Gold:   96         SH:  0    Dex: 18    Spells: 6/6 levels left

rFire   . . .        j - +2 dagger (vamp)
rCold   . . .        (no shield)
rNeg    . . .        f - +0 leather armour
rPois   .            (no helmet)
rElec   .            c - +0 cloak
rCorr   .            (no gloves)
SInv    .            (no boots)
Will    .....        (no amulet)
Stlth   +++++        (no ring)
HPRegen 0.27/turn    (no ring)
MPRegen 0.10/turn

%: no passive effects
@: weakened
A: small, no large weapons, nightstalker 3
a: Renounce Religion


You were on level 4 of the Dungeon.
You worshipped Wu Jian.
Wu Jian was noncommittal.
You visited 1 branch of the dungeon, and saw 5 of its levels.

You collected 171 gold pieces.
You spent 75 gold pieces at shops.

Inventory:

Hand Weapons
 h - a +0 long sword
 j - a +2 vampiric dagger (weapon)
Missiles
 d - 8 poisoned darts (quivered)
 e - 3 curare-tipped darts
 g - 28 stones
Armour
 b - a +0 robe
 c - a +0 cloak (worn)
 f - a +0 leather armour (worn)
Jewellery
 a - a +5 ring of evasion
 s - a ring of protection from fire
Scrolls
 k - a scroll of silence {unknown}
 m - a scroll of fear
 n - 5 scrolls of identify
 o - a scroll of acquirement {unknown}
 x - a scroll of enchant armour {unknown}
Potions
 i - 2 potions of mutation
 l - 3 potions of curing
 p - 2 potions of might
 q - 2 potions of heal wounds
 r - a potion of degeneration {unknown}
 t - a potion of invisibility {unknown}
 u - a potion of lignification {unknown}
 v - 2 potions of flight {unknown}
 w - a potion of haste {unknown}


   Skills:
 + Level 4.2 Fighting
 * Level 6.6 Short Blades
 - Level 4.0 Throwing
 - Level 1.2 Dodging
 + Level 7.2 Stealth


You had 6 spell levels left.
You didn't know any spells.
Your spell library contained the following spells:

 Spells                   Type           Power      Damage    Failure   Level
 Cigotuvi's Dreadful Rot  Necr/Pois/Air  0%         N/A       56%         2
 Ensorcelled Hibernation  Hex/Ice        0%         N/A       56%         2
 Passwall                 Tmut/Erth      0%         N/A       56%         2
 Ignite Poison            Fire/Tmut/Pois 0%         N/A       80%         3
 Swiftness                Air            0%         N/A       80%         3
 Freezing Cloud           Conj/Ice/Air   0%         6-21      100%        5


Dungeon Overview and Level Annotations

Branches:
Dungeon (5/15)
 Temple: D:4-7

Altars:
Wu Jian

Shops:
D:5 !

Annotations:
D:4 Fodor's ghost, amateur MiFi; hawla's ghost, weakling MeFE


Innate Abilities, Weirdness & Mutations

You are small and have problems with some larger weapons.
You are completely attuned to the shadows.


Message History

The gnoll bouda is heavily wounded.
The gnoll bouda gazes fiercely through you!
You feel your attacks grow feeble.
The gnoll bouda hits you with a +0 whip.
You hit the gnoll bouda but do no damage.
The gnoll bouda is heavily wounded.
You hit the gnoll bouda but do no damage.
The gnoll bouda is heavily wounded.
The gnoll bouda hits you but does no damage.
You closely miss the gnoll bouda.
The gnoll bouda is heavily wounded.
The gnoll bouda gazes fiercely through you!
You feel as though you will be weak longer.
The gnoll bouda hits you with a +0 whip!
You hit the gnoll bouda but do no damage.
The gnoll bouda is heavily wounded.
You barely miss the gnoll bouda.
The gnoll bouda is heavily wounded.
The gnoll bouda gazes fiercely through you!
You feel as though you will be weak longer.
The gnoll bouda closely misses you.
You closely miss the gnoll bouda.
The gnoll bouda is heavily wounded.
You hit the gnoll bouda.
You feel better.
The gnoll bouda is heavily wounded.
The gnoll bouda hits you with a +0 whip!
You hit the gnoll bouda but do no damage.
The gnoll bouda is heavily wounded.
The gnoll bouda hits you with a +0 whip.
* * * LOW HITPOINT WARNING * * *
You hit the gnoll bouda.
You feel better.
The gnoll bouda is severely wounded.
You hit the gnoll bouda.
You feel better.
The gnoll bouda is severely wounded.
The gnoll bouda hits you with a +0 whip.
* * * LOW HITPOINT WARNING * * *
You barely miss the gnoll bouda.
The gnoll bouda is severely wounded.
The gnoll bouda hits you with a +0 whip!
You die...

#....#.##...#...##..#...........
#....#..#########...#...........
#....#..............#...........
#....#..............#.......####
###...#..............#########...
.##...#.....##'#####...<.........
......#.....#......#.............
......#.....#......#......)......
......#.....#...@..#.............
......#.....#....g.#...)......###
.##...#.....#......#.....)....#
.##...#.....#......#..........#
.#....#.....#......#..........#
.#....#.....#......#..........#
.#....#.....#......#..........###
.#....#.....#......#.............
###...#.....###....#.............


You could see a gnoll bouda.

Vanquished Creatures
  A centaur (D:5)
  A scorpion (D:4)
  A howler monkey (D:4)
  3 hounds
  A jelly (D:5)
  2 iguanas (D:4)
  An orc wizard (D:3)
  2 gnolls
  3 adders
  An ufetubus (D:4)
  A worm (D:4)
  2 dart slugs
  8 orcs
  6 ball pythons
  5 endoplasms
  4 giant cockroaches
  3 goblins
  3 hobgoblins
  6 jackals (D:1)
  3 quokkas
  6 bats
  3 frilled lizards
  8 kobolds
  3 rats
77 creatures vanquished.

Notes
Turn   | Place    | Note
-------+----------+-------------------------------------------
     0 | D:1      | LustLizard the Kobold Brigand began the quest for the Orb.
     0 | D:1      | Reached XP level 1. HP: 12/12 MP: 1/1
    56 | D:1      | You fall into a shaft and drop 1 floor!
   111 | D:2      | Reached XP level 2. HP: 18/18 MP: 2/2
   545 | D:3      | Reached XP level 3. HP: 8/22 MP: 3/3
   545 | D:3      | Reached XP level 4. HP: 10/27 MP: 4/4
  1018 | D:1      | Reached skill level 6 in Stealth
  1576 | D:2      | Reached XP level 5. HP: 32/32 MP: 5/5
  2870 | D:4      | Reached skill level 5 in Short Blades
  2924 | D:4      | Reached XP level 6. HP: 37/37 MP: 6/6
  3264 | D:4      | Found a runed translucent gate.
  3264 | D:4      | Found a runed translucent gate.
  3264 | D:4      | Found a runed translucent gate.
  3350 | D:4      | Found an ornate altar of the Wu Jian Council.
  3396 | D:4      | Became a worshipper of the Wu Jian Council
  3880 | D:4      | Noticed Fodor's ghost (amateur MiFi)
  3880 | D:4      | Noticed hawla's ghost (weakling MeFE)
  3991 | D:5      | Entered Level 5 of the Dungeon
  3999 | D:5      | Found Norchym's Distillery.
  4004 | D:5      | Bought a potion of heal wounds for 75 gold pieces
  4063 | D:5      | Reached skill level 7 in Stealth
  4063 | D:5      | Reached XP level 7. HP: 43/43 MP: 7/7
  4523 | D:4      | Slain by a gnoll bouda

Illustrated notes

Levels and vault maps discovered:
D:1:      dpeg_arrival_court, layout_basic
D:2:      minmay_inner_zag, layout_loops_cross
D:3:      layout_basic
D:4:      layout_gridville, marbit_many_paths, gammafunk_ghost_cemetery
D:5:      layout_basic, serial_shops, nicolae_stop_n_shop_1,
          minmay_crystal_room, minmay_misc_feat_cross

Skill      XL: |  1  2  3  4  5  6 |
---------------+-------------------+-----
Short Blades   | 3 4 5 6 |  6.6
Stealth        | 6 7 |  7.2
Fighting       | 3 4 |  4.2
Throwing       | 3 4 |  4.0
Dodging        | |  1.2

Action                     |  1- 3 |  4- 6 |  7- 9 || total
---------------------------+-------+-------+-------++-------
  Melee: Dagger            |    36 |   191 |    70 ||   297
         Punch             |       |     2 |     1 ||     3
  Throw: Stone             |       |     3 |       ||     3
         Dart              |       |     2 |     3 ||     5
Ability: Lunge             |       |     3 |     6 ||     9
    Use: Scroll            |       |     3 |     1 ||     4
   Stab: Sleeping          |     7 |    30 |     2 ||    39
         Distracted        |       |     1 |       ||     1
 Armour: Leather armour    |    10 |    41 |    13 ||    64
  Dodge: Dodged            |    23 |    82 |    60 ||   165
